 Dungeon Crawl Stone Soup version 0.28.0-43-g3370ac3207 (webtiles) character file.

Game seed: 16543871145620586567

95 Cykl0x the Digger (level 4, -2/24 HPs)
             Began as a Gargoyle Earth Elementalist on Mar 8, 2022.
             Slain by an iguana (10 damage)
             ... on level 4 of the Dungeon.
             The game lasted 00:04:19 (3161 turns).

Cykl0x the Digger (Gargoyle Earth Elementalist)     Turns: 3161, Time: 00:04:20

Health: -2/24      AC:  7    Str: 12    XL:     4   Next: 66%
Magic:  1/8        EV: 12    Int: 17    God:
Gold:   92         SH:  0    Dex: 10    Spells: 5/9 levels left

rFire   . . .      SeeInvis +   h - +0 dagger (elec)
rCold   . . .      Faith    .   (no shield)
rNeg    + . .      Spirit   .   k - +0 robe {Will+}
rPois   ∞          Reflect  .   e - +2 hat {SInv}
rElec   +          Harm     .   (no cloak)
rCorr   .          Rampage  .   (no gloves)
Will    +....                   (no boots)
Stlth   ++........              (no amulet)
HPRegen 0.08/turn               (no ring)
MPRegen 0.11/turn               (no ring)

@: no status effects
A: sickness immunity, AC +3, negative energy resistance 1, electricity
resistance, torment resistance 1, petrification resistance
a: no special abilities


You were on level 4 of the Dungeon.
You visited 1 branch of the dungeon, and saw 4 of its levels.

You collected 92 gold pieces.

Inventory:

Hand Weapons
 d - a +0 dagger
 h - a +0 dagger of electrocution (weapon)
Missiles
 c - 72 stones
Armour
 b - a +0 robe
 e - a +2 hat of see invisible (worn)
 k - a +0 robe of willpower (worn)
Scrolls
 i - a scroll of immolation
Potions
 a - 2 potions of flight {unknown}
 f - a potion of cancellation {unknown}
 g - a potion of might {unknown}
 j - a potion of haste {unknown}
 l - 2 potions of lignification {unknown}
 m - a potion of curing {unknown}


   Skills:
 + Level 0.2 Fighting
 + Level 0.4 Short Blades
 + Level 1.7 Dodging
 - Level 2.1 Stealth
 + Level 3.0 Spellcasting
 * Level 1.5 Conjurations
 - Level 0.7 Transmutations
 + Level 4.8 Earth Magic


You had 5 spell levels left.
You knew the following spells:

 Your Spells              Type           Power      Damage    Failure   Level
a - Sandblast             Erth           38%        2d10      2%          1
b - Stone Arrow           Conj/Erth      26%        3d8       14%         3

Your spell library contained the following spells:

 Spells                   Type           Power      Damage    Failure   Level
 Passwall                 Tmut/Erth      10%        N/A       9%          2
 Petrify                  Tmut/Erth      12%        N/A       50%         4


Dungeon Overview and Level Annotations

Branches:
Dungeon (4/15)
 Temple: D:4-7

Altars:

Shops:
D:3 :


Innate Abilities, Weirdness & Mutations

You are immune to sickness and miasma.
Your stone body is resilient. (AC +3)
You are immune to poison.
You resist negative energy. (rN+)
You are resistant to electric shocks. (rElec)
You are resistant to unholy torment.
You are immune to petrification.


Message History

Confirm with . or Enter, or press ? or * to list all spells.
The spell is quite dangerous to miscast (14% risk of failure)!
Continue anyway?
Aiming: Stone Arrow (quite dangerous; 14% risk of failure)
Press: ? - help, Shift-Dir - straight line, f/p - kobold
Aim: a kobold, wielding a +0 hand crossbow and quivering bolts (60% to hit)
The stone arrow hits the kobold!
You kill the kobold!
Casting: Stone Arrow (quite dangerous; 14% risk of failure)
Confirm with . or Enter, or press ? or * to list all spells.
You don't have enough magic to cast this spell.
An endoplasm is nearby!
The blast of sand hits the endoplasm!
You kill the endoplasm!
You can't see any susceptible monsters within range! (Use Z to cast anyway.)
An iguana comes into view. x2
Items here: ( )) †.
You can't see any susceptible monsters within range! (Use Z to cast anyway.)
The blast of sand hits the iguana.
The iguana is moderately wounded.
The blast of sand hits the iguana!
The iguana is severely wounded.
The iguana bites you!
You are too depleted to draw on your mana recklessly!
You barely miss the iguana.
The iguana is severely wounded.
The iguana bites you.
You closely miss the iguana.
The iguana is severely wounded.
The iguana bites you.
The iguana hisses angrily.
You hit the iguana but do no damage.
The iguana is severely wounded.
The iguana bites you but does no damage.
You closely miss the iguana.
The iguana is severely wounded.
The iguana barely misses you.
You hit the iguana but do no damage.
The iguana is severely wounded.
The iguana bites you!
You die...

#. #####.##### . #
##.........###. .l
.....<........ ...
#/.>.......# ....
##..........# .....
............####l.....
#.....<....@l)..#
#..........####......
#..........# .....
.......$...>..> ....
###########.### ...
#.# ## #.# #..


You could see 2 iguanas.

Vanquished Creatures
  A gnoll (D:1)
  3 adders (D:2)
  A dart slug (D:1)
  8 endoplasms
  3 giant cockroaches (D:1)
  10 goblins
  3 hobgoblins
  4 jackals (D:3)
  2 quokkas (D:3)
  4 ball pythons
  6 bats
  3 frilled lizards
  A kobold (D:4)
  5 rats
54 creatures vanquished.

Notes
Turn   | Place    | Note
-------+----------+-------------------------------------------
     0 | D:1      | Cykl0x the Gargoyle Earth Elementalist began the quest for
                  | the Orb.
     0 | D:1      | Reached XP level 1. HP: 10/10 MP: 3/3
   223 | D:1      | Reached XP level 2. HP: 15/15 MP: 3/5
   267 | D:1      | Reached skill level 4 in Earth Magic
   608 | D:1      | Reached skill level 1 in Conjurations
   608 | D:1      | Reached XP level 3. HP: 19/19 MP: 4/6
   612 | D:1      | Learned a level 3 spell: Stone Arrow
   663 | D:1      | Found a faded altar of an unknown god.
  1902 | D:2      | Reached XP level 4. HP: 24/24 MP: 4/8
  2446 | D:3      | Found Melof's Book Emporium.
  3161 | D:4      | Slain by an iguana

Illustrated notes

Levels and vault maps discovered:
D:1:      nicolae_arrival_washed_ashore, layout_loops_ring,
          ebering_ecumenical_altar_ruins, minivault_19, kennysheep_small_spiral
D:2:      layout_rooms
D:3:      layout_rooms, serial_shops, nicolae_shop_crystal
D:4:      layout_loops_ring, portal_sewer_entry_b, nicolae_figureground_pulse

Skill      XL: |  1  2  3  4 |
---------------+-------------+-----
Earth Magic    | 4 |  4.8
Conjurations   | 1 |  1.5
Spellcasting   | 3 |  3.0
Fighting       | |  0.2
Short Blades   | |  0.4
Dodging        | |  1.7
Stealth        | |  2.1
Transmutations | |  0.7

Action                   |  1- 3 |  4- 6 || total
-------------------------+-------+-------++-------
Melee: Dagger            |    11 |    13 ||    24
 Cast: Sandblast         |    30 |    10 ||    40
       Stone Arrow       |    14 |    16 ||    30
  Use: Scroll            |     2 |     2 ||     4
Armor: Robe              |     3 |     7 ||    10
Dodge: Dodged            |    13 |     8 ||    21
